 Dungeon Crawl Stone Soup version 0.23-a0-333-g006994f (webtiles) character file.

6115 Garbasso the Grappler (level 10, -4/98 HPs)
             Began as a Troll Arcane Marksman on Oct 17, 2018.
             Was an Elder of Okawaru.
             Slain by a killer bee (6 damage)
             ... on level 1 of the Lair of Beasts.
             The game lasted 00:34:02 (7847 turns).

Garbasso the Grappler (Troll Arcane Marksman)       Turns: 7847, Time: 00:34:03

Health: -4/98      AC: 13    Str: 20    XL:     10   Next: 58%
Magic:  10/10      EV: 10    Int: 19    God:    Okawaru [****..]
Gold:   619        SH:  0    Dex: 10    Spells: 4/11 levels left

rFire    . . .     SeeInvis +     - Unarmed
rCold    + . .     Gourm    +   (no shield)
rNeg     + + .     Faith    .   A - quicksilver dragon scales "Ranivaot" {rN++ MR+ Int+7 Stlth-}
rPois    .         Spirit   .   (helmet restricted)
rElec    .         Reflect  .   k - +0 cloak
rCorr    .         Harm     .   (gloves unavailable)
MR       +....                  (boots unavailable)
Stlth    ..........             (no amulet)
HPRegen  0.66/turn              v - ring of see invisible
MPRegen  0.12/turn              E - ring of protection from cold

@: lethally poisoned (-4 -> -5), berserk cooldown, very slightly contaminated,
slowed, very slow
A: large, unfitting armour, claws 3, fast metabolism 3, gourmand, regeneration
1, shaggy fur 1, tough skin 2
a: Heroism, Renounce Religion


You were on level 1 of the Lair of Beasts.
You worshipped Okawaru.
Okawaru was greatly pleased with you.
You were very full.

You visited 3 branches of the dungeon, and saw 10 of its levels.
You also visited: Bailey.

You collected 619 gold pieces.

Inventory:

Missiles
 c - 7 large rocks {=f}
 d - 2 throwing nets {=f}
 g - 257 stones
 y - 24 tomahawks of returning (quivered)
 F - 8 tomahawks
 H - 5 poisoned tomahawks
Armour
 k - a +0 cloak (worn)
 A - the quicksilver dragon scales "Ranivaot" (worn) {rN++ MR+ Int+7 Stlth-}
   (You found it in a bailey)

   It affects your intelligence (+7).
   It greatly protects you from negative energy.
   It affects your resistance to hostile enchantments.
   It makes you less stealthy.
Jewellery
 v - a ring of see invisible (left claw)
 w - an uncursed ring of flight
 E - a ring of protection from cold (right claw)
Wands
 q - a wand of flame (28)
Scrolls
 b - a scroll of fear {unknown}
 h - a scroll of amnesia
 j - 2 scrolls of magic mapping {unknown}
 m - a scroll of blinking
 n - a scroll of noise {unknown}
 p - 2 scrolls of enchant armour {unknown}
 r - 4 scrolls of remove curse
 t - 2 scrolls of enchant weapon
 u - a scroll of teleportation
 x - 2 scrolls of fog
 D - 2 scrolls of identify
 J - a scroll of torment {unknown}
Potions
 a - a potion of brilliance {unknown}
 e - 2 potions of might
 i - a potion of agility {unknown}
 l - 4 potions of flight
 o - a potion of magic
 s - a potion of resistance
 z - a potion of haste
Comestibles
 f - 14 rations
 G - 6 chunks of flesh


   Skills:
 + Level 6.2 Fighting
 - Level 7.0 Throwing
 + Level 5.7 Dodging
 + Level 9.6 Unarmed Combat
 - Level 1.0 Spellcasting
 - Level 2.0 Hexes
 + Level 2.1 Translocations


You had 4 spell levels left.
You knew the following spells:

 Your Spells              Type           Power        Failure   Level  Hunger
a - Corona                Hex            #......      14%         1    ##.....
b - Portal Projectile     Hex/Tloc       #.....       38%         3    ####...
c - Mephitic Cloud        Conj/Pois/Air  #.......     67%         3    ####...

Your spell library contained the following spells:

 Spells                   Type           Power        Failure   Level  Hunger
 Slow                     Hex            #.......     22%         2    ###....
 Sting                    Conj/Pois      #...         32%         1    ##.....
 Ensorcelled Hibernation  Hex/Ice        #.....       32%         2    ###....
 Confuse                  Hex            #.......     38%         3    ####...
 Tukima's Dance           Hex            #.......     38%         3    ####...
 Poisonous Vapours        Pois/Air       #.....       43%         2    ###....
 Dazzling Spray           Conj/Hex       #.....       54%         3    ####...
 Inner Flame              Hex/Fire       #.......     54%         3    ####...
 Cause Fear               Hex            #.........   80%         4    #####..
 Leda's Liquefaction      Hex/Erth       #.........   91%         4    #####..
 Olgreb's Toxic Radiance  Pois           #.......     97%         4    #####..
 Venom Bolt               Conj/Pois      #.........   100%        5    ######.
 Malign Gateway           Summ/Tloc      #.........   100%        7    #######
 Monstrous Menagerie      Summ           #.........   100%        7    #######
 Summon Greater Demon     Summ           #.........   100%        7    #######
 Summon Horrible Things   Summ           #.........   100%        8    #######


Dungeon Overview and Level Annotations

Branches:
Dungeon (8/15)             Temple (1/1) D:7            Lair (1/6) D:8

Altars:
Ashenzari
Dithmenos
Fedhas
Gozag
Hepliaklqana
Kikubaaqudgha
Nemelex Xobeh
Okawaru
Sif Muna
Trog
Yredelemnul
The Shining One


Innate Abilities, Weirdness & Mutations

You are too large for most types of armour.
You have claws for hands.
Your metabolism is lightning-fast.
You like to eat raw meat.
Your natural rate of healing is unusually fast.
You are covered in fur. (AC +1)
You have very tough skin. (AC +2)


Message History

The killer bee poisons you!
The killer bee stings you but does no damage. x3
The killer bee barely misses you. The killer bee stings you.
* * * LOW HITPOINT WARNING * * *
The killer bee stings you.
* * * LOW HITPOINT WARNING * * *
The killer bee stings you but does no damage.
You feel sick. The killer bee barely misses you. x2
The killer bee completely misses you. The killer bee barely misses you.
The killer bee stings you but does no damage.
The killer bee is sucked into a shaft!
The shaft crumbles and collapses.
The killer bee stings you but does no damage.
The killer bee stings you.
* * * LOW HITPOINT WARNING * * *
The killer bee closely misses you. The killer bee stings you.
* * * LOW HITPOINT WARNING * * *
Found a scroll of identify.
* * * LOW HITPOINT WARNING * * *
You feel sick. The killer bee stings you.
You die...

.............
...#####...### ..... #.##
##....######.....
..######P...............
........................
###P...................
###...........ยง##...##..
..............yy........
.............yy.@.....?.
..............yy........
####..P#########...#####
# #..## ##..P# ####..###
..P# ........## .....
........... ......
..#####.### ....#. ...# #


You could see 6 killer bees.

Vanquished Creatures
  A hydra (Lair:1)
  Joseph (D:8)
  A rime drake (Lair:1)
  A komodo dragon (Lair:1)
  2 hippogriffs (D:7)
  A hungry ghost (D:7)
  Menkaure (D:4)
  5 sky beasts
  5 ogres
  4 orc warriors
  2 phantoms
  4 centaurs
  2 bullfrogs (D:8)
  A scorpion (D:5)
  A water moccasin skeleton (D:8)
  12 killer bees (Lair:1)
  3 howler monkeys
  6 crimson imps
  A bullfrog zombie (D:6)
  A hound (D:8)
  3 centaur skeletons
  3 jellies
  Crazy Yiuf (D:7)
  4 orc priests
  5 orc wizards
  4 iguanas
  6 worker ants
  A killer bee zombie (D:8)
  A hound zombie (D:6)
  A hound skeleton (D:8)
  A worker ant zombie (D:8)
  16 adders
  3 gnolls
  3 adder zombies
  An adder skeleton (D:8)
  5 worms
  3 dart slugs
  4 leopard geckos
  23 orcs
  8 bats
  9 giant cockroaches
  10 goblins
  11 hobgoblins
  16 jackals
  13 kobolds
  3 quokkas
  A frilled lizard (D:1)
  A jackal zombie (D:8)
  2 leopard gecko skeletons
  A quokka zombie (D:5)
  15 rats
  A fungus (D:4)
  A plant (D:4)
235 creatures vanquished.

Vanquished Creatures (others)
  A fungus (Lair:1)
  5 plants
6 creatures vanquished.

Grand Total: 241 creatures vanquished

Notes
Turn   | Place    | Note
-------+----------+-------------------------------------------
     0 | D:1      | Garbasso the Troll Arcane Marksman began the quest for the
                  | Orb.
     0 | D:1      | Reached XP level 1. HP: 18/18 MP: 1/1
    37 | D:1      | Reached XP level 2. HP: 26/26 MP: 2/2
   188 | D:1      | Reached skill level 1 in Unarmed Combat
   268 | D:1      | Reached XP level 3. HP: 32/32 MP: 3/3
   617 | D:2      | Learned a level 3 spell: Portal Projectile
   653 | D:2      | Reached skill level 1 in Fighting
  1068 | D:2      | Reached XP level 4. HP: 41/41 MP: 2/4
  1099 | D:2      | Reached skill level 2 in Unarmed Combat
  1669 | D:3      | Reached skill level 3 in Unarmed Combat
  1669 | D:3      | Reached XP level 5. HP: 36/48 MP: 5/5
  1935 | D:3      | Found a shattered altar of Ashenzari.
  1940 | D:3      | Found a basalt altar of Yredelemnul.
  2170 | D:4      | Found a blossoming altar of Fedhas.
  2198 | D:4      | Reached skill level 4 in Unarmed Combat
  2263 | D:4      | Noticed Menkaure
  2268 | D:4      | Killed Menkaure
  2268 | D:4      | Reached skill level 5 in Unarmed Combat
  2268 | D:4      | Reached XP level 6. HP: 48/55 MP: 6/6
  2298 | D:4      | Found a glowing golden altar of the Shining One.
  2305 | D:4      | Reached skill level 6 in Unarmed Combat
  3174 | D:4      | Reached XP level 7. HP: 62/62 MP: 7/7
  3523 | D:5      | Entered Level 5 of the Dungeon
  4384 | D:5      | Reached XP level 8. HP: 74/74 MP: 8/8
  4640 | D:6      | Reached skill level 5 in Throwing
  4641 | D:6      | Reached skill level 7 in Unarmed Combat
  4910 | D:6      | Found an ancient bone altar of Kikubaaqudgha.
  5369 | D:7      | Found a staircase to the Ecumenical Temple.
  5378 | Temple   | Entered the Ecumenical Temple
  5401 | Temple   | Became a worshipper of Warmaster Okawaru
  5495 | D:7      | Found a flagged portal.
  5528 | Bailey   | Entered a bailey
  5610 | Bailey   | Found the +0 Maxwell's etheric cage {RegenMP+ *Contam rElec
                  | MP+4}
  5628 | Bailey   | Got distressingly furry quicksilver dragon scales
  5664 | Bailey   | Identified the quicksilver dragon scales "Ranivaot" {rN++
                  | MR+ Int+7 Stlth-} (You found it in a bailey)
  5787 | Bailey   | Found an iron altar of Okawaru.
  5893 | D:7      | Noticed a hippogriff
  5914 | D:7      | Killed a hippogriff
  5914 | D:7      | Reached * piety under Okawaru
  5914 | D:7      | Reached XP level 9. HP: 57/84 MP: 9/9
  6000 | D:7      | Learned a level 3 spell: Mephitic Cloud
  6247 | D:7      | Reached skill level 8 in Unarmed Combat
  6469 | D:7      | Found a runed door.
  6473 | D:7      | Noticed Crazy Yiuf
  6478 | D:7      | Killed Crazy Yiuf
  6906 | D:8      | Noticed Joseph
  6926 | D:8      | Killed Joseph
  6926 | D:8      | Reached ** piety under Okawaru
  6943 | D:8      | Identified the +5 ring mail "Tippuj" {Regen+ Stlth+}
  6988 | D:8      | Reached skill level 5 in Fighting
  7241 | D:8      | Reached XP level 10. HP: 86/96 MP: 10/10
  7248 | D:8      | Reached skill level 9 in Unarmed Combat
  7482 | D:8      | Reached skill level 5 in Dodging
  7526 | D:8      | Reached *** piety under Okawaru
  7604 | D:8      | Found a staircase to the Lair.
  7608 | Lair:1   | Entered Level 1 of the Lair of Beasts
  7641 | Lair:1   | Reached skill level 1 in Translocations
  7721 | Lair:1   | Noticed a seven-headed hydra
  7730 | Lair:1   | Killed a ten-headed hydra
  7799 | Lair:1   | Reached **** piety under Okawaru
  7799 | Lair:1   | Received a gift from Okawaru
  7846 | Lair:1   | HP: 3/98 [killer bee (4)]
  7847 | Lair:1   | Slain by a killer bee

Vault maps used:
D:1:      evilmike_arrival_plus
D:2:      serial_curves, eino_curves_03, eino_curves_04
D:3:      gammafunk_temple_overflow_statue
D:4:      kennysheep_mini_moat, cheibrodos_sewer_entry_bend, fedhas_altar_3,
          uniq_menkaure
D:5:      first_ration
D:6:      lemuel_upstairs_altar, old_standard_altar
D:7:      minmay_temple_entry_trees, enter_bailey_7, serial_rivers,
          chequers_serial_rivers_marsh, chequers_serial_rivers_micro_d,
          chequers_serial_rivers_small_b, chequers_serial_rivers_small_3,
          chequers_serial_rivers_small_3, uniq_crazy_yiuf_cottage
D:8:      cheibrodos_ideogram_h, lair_entry_dummy, hangedman_ranch,
          minmay_liquid_box, st_stairs_3, uniq_grum, uniq_joseph
Temple:   regret_index_temple_mists
Lair:1:   special_room, st_stairs_6
Bailey:   bailey_axe_3, bailey

Skill      XL: |  1  2  3  4  5  6  7  8  9 10 |
---------------+-------------------------------+-----
Throwing       | 2 3 4 6 7 |  7.0
Dodging        | 2 4 5 |  5.7
Unarmed Combat | 1 3 5 6 7 8 9 |  9.6
Fighting       | 1 2 3 5 6 |  6.2
Translocations | 2 |  2.1
Spellcasting   | |  1.0
Hexes          | |  2.0

Action                   |  1- 3 |  4- 6 |  7- 9 | 10-12 || total
-------------------------+-------+-------+-------+-------++-------
Melee: Unarmed           |   135 |   147 |   353 |   126 ||   761
       Punch             |       |     4 |     8 |     9 ||    21
Throw: Stone             |    15 |    38 |    97 |     9 ||   159
       Large rock        |       |     3 |     6 |     3 ||    12
       Tomahawk          |       |       |    26 |     5 ||    31
 Cast: Corona            |     1 |     4 |    10 |       ||    15
       Mephitic Cloud    |       |       |     1 |       ||     1
Invok: Heroism           |       |       |       |     1 ||     1
Evoke: Wand              |       |       |       |     1 ||     1
  Use: Scroll            |       |       |    10 |     4 ||    14
       Potion            |       |       |     2 |     5 ||     7
  Eat: Chunk             |    15 |    16 |    42 |     5 ||    78
Armor: Robe              |    58 |    37 |    60 |       ||   155
       Quicksilver drago |       |       |    71 |   119 ||   190
Dodge: Dodged            |    81 |    48 |   197 |   114 ||   440

Table legend:
 A = Non-vault XP
 B = Vault XP
 C = Vault XP percentage of total XP
 D = Non-vault monster count
 E = Vault monster count
 F = Vault count percentage of total count
                 A         B        C        D         E       F
            +---------+---------+-------+---------+---------+-------
      Total |    5643 |    3094 |  35.4 |     183 |      50 |  21.5
            +---------+---------+-------+---------+---------+-------
        D:1 |      59 |       0 |   0.0 |      34 |       0 |   0.0
        D:2 |      66 |       0 |   0.0 |      23 |       0 |   0.0
        D:3 |     121 |       0 |   0.0 |      23 |       0 |   0.0
        D:4 |     315 |     182 |  36.6 |      15 |       3 |  16.7
        D:5 |     697 |       0 |   0.0 |      23 |       0 |   0.0
        D:6 |     809 |       0 |   0.0 |      22 |       0 |   0.0
        D:7 |    1146 |      72 |   5.9 |      18 |       5 |  21.7
        D:8 |     698 |    1679 |  70.6 |      22 |      24 |  52.2
     Lair:1 |    1732 |     743 |  30.0 |       3 |      12 |  80.0
     Bailey |       0 |     418 | 100.0 |       0 |       6 | 100.0
            +---------+---------+-------+---------+---------+-------
